 Dungeon Crawl Stone Soup version 0.22-a0-455-ga0624bf (webtiles) character file.

303 Firecrotchwizard the Firebug (level 6, -1/45 HPs)
             Began as a Draconian Fire Elementalist on June 6, 2018.
             Was an Initiate of Vehumet.
             Slain by Sigmund
             ... wielding a +1 scythe of slicing
              (4 damage)
             ... on level 4 of the Dungeon.
             The game lasted 00:07:55 (3964 turns).

Firecrotchwizard the Firebug (DrFE)                 Turns: 3964, Time: 00:07:55

Health: -1/45      AC:  6    Str: 11    XL:     6   Next: 15%
Magic:  5/10       EV: 12    Int: 17    God:    Vehumet [......]
Gold:   121        SH:  0    Dex: 11    Spells: 2/10 levels left

rFire    . . .     SeeInvis .   e - +0 spear
rCold    . . .     Gourm    .   (no shield)
rNeg     . . .     Faith    .   (armour unavailable)
rPois    .         Spirit   .   (helmet restricted)
rElec    .         Reflect  .   (no cloak)
rCorr    .         Harm     .   (no gloves)
MR       .....                  (no boots)
Stlth    ++........             (no amulet)
HPRegen  0.15/turn              (no ring)
MPRegen  0.12/turn              (no ring)

@: no status effects
A: unfitting armour, cold-blooded, AC +6
a: Renounce Religion


You were on level 4 of the Dungeon.
You worshipped Vehumet.
Vehumet was noncommittal.
You were hungry.

You visited 2 branches of the dungeon, and saw 5 of its levels.

You collected 121 gold pieces.

Inventory:

Hand Weapons
 e - a +0 spear (weapon)
   (You found it on level 2 of the Dungeon)
Wands
 h - a wand of flame (17)
   (You found it on level 3 of the Dungeon)
Scrolls
 c - a scroll of amnesia {unknown}
 d - 5 scrolls of identify {unknown}
 g - a scroll of immolation {unknown}
 k - a scroll of enchant weapon {unknown}
Potions
 a - a potion of berserk rage {unknown}
 f - 3 potions of curing {unknown}
 i - 2 potions of might {unknown}
 j - a potion of haste {unknown}
 l - a potion of brilliance {unknown}
 m - a potion of flight {unknown}
Comestibles
 b - 5 rations {@e1}


   Skills:
 - Level 1.7 Dodging
 - Level 1.7 Stealth
 - Level 2.8 Spellcasting
 + Level 4.4 Conjurations
 + Level 4.7 Fire Magic


You had 2 spell levels left.
You knew the following spells:

 Your Spells              Type           Power        Failure   Level  Hunger
a - Flame Tongue          Conj/Fire      ###..        2%          1    #......
c - Conjure Flame         Conj/Fire      ###.....     9%          3    ###....
s - Sticky Flame          Conj/Fire      ###.....     26%         4    #####..

Your spell library contained the following spells:

 Spells                   Type           Power        Failure   Level  Hunger
 Fireball                 Conj/Fire      ###.......   58%         5    ######.
 Throw Flame              Conj/Fire      ###...       4%          2    ##.....
 Inner Flame              Hex/Fire       ##......     21%         3    ###....


Dungeon Overview and Level Annotations

Branches:
Dungeon (4/15)             Temple (1/1) D:4

Altars:
Ashenzari
Cheibriados
Dithmenos
Elyvilon
Fedhas
Hepliaklqana
Kikubaaqudgha
Makhleb
Nemelex Xobeh
Ru
Vehumet
Yredelemnul
Zin
The Shining One

Annotations:
D:4 Sigmund


Innate Abilities, Weirdness & Mutations

Your plain brown scales are hard. (AC +6)
You cannot fit into any form of body armour.
You are cold-blooded and may be slowed by cold attacks.


Message History

There is an open door here.
There is a staircase to the Ecumenical Temple here.
You climb downwards.
Welcome to the Ecumenical Temple!
Found four altars.
There is a staircase back to the Dungeon here.
Found a hazy altar of Hepliaklqana.
Found a glowing silver altar of Zin.
Found a sacrificial altar of Ru.
Found a burning altar of Makhleb.
Found an ancient bone altar of Kikubaaqudgha.
There is a burning altar of Makhleb here.
Found a snail-covered altar of Cheibriados.
Found a white marble altar of Elyvilon and a radiant altar of Vehumet.
Found a basalt altar of Yredelemnul.
Found a blossoming altar of Fedhas.
Some of the chunks of flesh in your inventory have rotted away.
There is a radiant altar of Vehumet here.
You kneel at the altar of Vehumet.
Vehumet welcomes you!
(D) Dungeon (T) Temple
Where to? (Enter - D:4, ? - help)
There is a staircase back to the Dungeon here.
You climb upwards.
Welcome back to the Dungeon!
There is a staircase to the Ecumenical Temple here.
You open the door.
There is an open door here.
All of the chunks of flesh in your inventory have rotted away.
An adder skeleton comes into view.
Attack whom?
Aim: an adder skeleton You reach to attack!
You barely miss the adder skeleton. You hit the adder skeleton.
The adder skeleton closely misses you.
You closely miss the adder skeleton. You tail-slap the adder skeleton.
The adder skeleton bites you but does no damage. x2
You closely miss the adder skeleton.
The adder skeleton completely misses you.
You barely miss the adder skeleton. The adder skeleton closely misses you.
You hit the adder skeleton. The adder skeleton bites you.
You take 3 damage, and have 42/45 hp.
You hit the adder skeleton.
The adder skeleton bites you but does no damage.
You hit the adder skeleton but do no damage.
The adder skeleton closely misses you. x2
You hit the adder skeleton.
You destroy the adder skeleton!
Vehumet accepts your kill.
No target in view!
b - 5 rations {@e1} (gained 1)
j - a green potion Sigmund the Dreaded comes into view.
He is wielding a scythe of slicing.
Sigmund shouts!
Sigmund gestures at you while chanting. The puff of flame hits you!
You take 6 damage, and have 37/45 hp.
The fire ignites!
Sigmund misses you.
You now have 7/10 mp.
You are feeling hungry.
Sigmund points at you and mumbles some strange words.
The puff of flame hits you!
You take 11 damage, and have 28/45 hp.
MASSIVE DAMAGE!!
Sigmund points at you and mumbles some strange words.
You are confused.
Sigmund gestures at you while chanting.
You are more confused.
You bump into the rock wall.
You bump into the rock wall.
Sigmund breathes a few words.
Sigmund's hands start flickering wildly.
Sigmund closely misses you. Sigmund casts a spell at you.
The puff of flame hits you!
You take 3 damage, and have 26/45 hp.
Sigmund gestures at you while chanting. The magic dart hits you!
You take 2 damage, and have 24/45 hp.
Sigmund closely misses you.
You feel less confused.
Aim: Sigmund, wielding a scythe of slicing and wearing a robe The flame tongue hits Sigmund.
You now have 8/10 mp.
Aim: Sigmund, wielding a scythe of slicing and wearing a robe (moderately wounded)
The flame tongue hits Sigmund.
Sigmund hits you from afar with a scythe of slicing!
* * * LOW HITPOINT WARNING * * *
You take 12 damage, and have 13/45 hp.
MASSIVE DAMAGE!!
You now have 7/10 mp.
Unknown command.
Aim: Sigmund, wielding a scythe of slicing and wearing a robe (moderately wounded)
The flame tongue hits Sigmund.
Sigmund closely misses you.
You now have 6/10 mp.
Aim: Sigmund, wielding a scythe of slicing and wearing a robe (moderately wounded)
The flame tongue hits Sigmund.
Aim: Sigmund, wielding a scythe of slicing and wearing a robe (heavily wounded)
The flame tongue misses Sigmund.
Sigmund closely misses you.
You now have 5/10 mp.
Sigmund hits you with a scythe of slicing!
* * * LOW HITPOINT WARNING * * *
You die...

#.........#
#.........#
#........##
###........#
#..........+
#.#........#
#.#.##...###
# #. #..@#
#. ##.@# #.
#..# #..##
##..# #..#
##.## #..#
##.## #..#


You could see Sigmund.

Vanquished Creatures
  The ghost of garrulousMonolith the Firebug, an amateur DEFE (D:3)
  A hound (D:3)
  An orc priest (D:3)
  Robin (D:2)
  A gnoll (D:1)
  5 adders
  An ooze (D:3)
  An adder skeleton (D:4)
  2 dart slugs
  4 leopard geckos
  5 orcs (D:3)
  6 giant cockroaches
  18 goblins
  12 hobgoblins
  2 jackals (D:3)
  A quokka (D:2)
  8 bats
  7 frilled lizards
  5 kobolds
  10 rats
92 creatures vanquished.

Notes
Turn   | Place    | Note
-------+----------+-------------------------------------------
     0 | D:1      | Firecrotchwizard the Draconian Fire Elementalist began the quest for the Orb.
     0 | D:1      | Reached XP level 1. HP: 14/14 MP: 3/3
   299 | D:1      | Reached XP level 2. HP: 20/20 MP: 3/5
   532 | D:1      | Reached skill level 2 in Conjurations
   882 | D:2      | Reached XP level 3. HP: 21/26 MP: 4/6
  1475 | D:2      | Reached XP level 4. HP: 26/33 MP: 4/7
  1568 | D:2      | Noticed Robin
  1795 | D:2      | Reached skill level 3 in Conjurations
  2015 | D:2      | Killed Robin
  2149 | D:2      | Learned a level 3 spell: Conjure Flame
  2154 | D:2      | Learned a level 4 spell: Sticky Flame
  2341 | D:3      | Noticed garrulousMonolith's ghost (amateur DEFE)
  2399 | D:3      | Reached skill level 4 in Fire Magic
  2399 | D:3      | Reached XP level 5. HP: 26/38 MP: 2/9
  2975 | D:3      | Killed garrulousMonolith's ghost
  2975 | D:3      | Reached skill level 4 in Conjurations
  3270 | D:3      | Reached XP level 6. HP: 32/45 MP: 6/10
  3826 | D:4      | Found a staircase to the Ecumenical Temple.
  3833 | Temple   | Entered the Ecumenical Temple
  3857 | Temple   | Became a worshipper of Vehumet
  3937 | D:4      | Noticed Sigmund
  3964 | D:4      | HP: 3/45 [Sigmund/scythe of slicing (10)]
  3964 | D:4      | Slain by Sigmund

Vault maps used:
D:1:      minmay_arrival_solitary_statue
D:2:      first_ration, uniq_robin
D:3:      minmay_goblin_kobold_house
D:4:      temple_green, uniq_sigmund
Temple:   nicolae_temple_the_god_donut

Skill      XL: |  1  2  3  4  5 |
---------------+----------------+-----
Conjurations   | 2 3 4 |  4.4
Fire Magic     | 4 |  4.7
Dodging        | |  1.7
Stealth        | |  1.7
Spellcasting   | |  2.8

Action                   |  1- 3 |  4- 6 || total
-------------------------+-------+-------++-------
Melee: Unarmed           |    86 |     6 ||    92
       Tailslap          |     8 |    13 ||    21
       Spear             |       |   186 ||   186
 Cast: Flame Tongue      |    48 |    50 ||    98
       Conjure Flame     |       |     1 ||     1
 Stab: Sleeping          |       |     1 ||     1
  Eat: Chunk             |     2 |     5 ||     7
       Ration            |       |     1 ||     1
Armor: Skin              |    40 |    60 ||   100
Dodge: Dodged            |   107 |   153 ||   260

Table legend:
 A = Spawn XP
 B = Non-spawn XP
 C = Spawn XP percentage of total XP
 D = Spawn monster count
 E = Non-spawn monster count
 F = Spawn count percentage of total count
 G = Total turns spent on level
                    A         B        C        D         E        F      G
               +---------+---------+-------+---------+---------+-------+---------
         Total |       0 |     433 |   0.0 |       0 |      92 |   0.0 |  3964
               +---------+---------+-------+---------+---------+-------+---------
           D:1 |       0 |      36 |   0.0 |       0 |      14 |   0.0 |   865
           D:2 |       0 |     120 |   0.0 |       0 |      33 |   0.0 |  1628
           D:3 |       0 |     272 |   0.0 |       0 |      44 |   0.0 |  1242
           D:4 |       0 |       5 |   0.0 |       0 |       1 |   0.0 |   180
               +---------+---------+-------+---------+---------+-------+---------

Vault maps used:
D:1:      minmay_arrival_solitary_statue
D:2:      first_ration, uniq_robin
D:3:      minmay_goblin_kobold_house
D:4:      temple_green, uniq_sigmund
Temple:   nicolae_temple_the_god_donut

Table legend:
 A = Turns spent in this place as a percentage of turns spent in the entire game.
 B = Non-inter-level travel turns spent in this place as a percentage of non-inter-level travel turns spent in the entire game.
 C = Inter-level travel turns spent in this place as a percentage of turns spent in this place.
 D = Turns resting spent in this place as a percentage of non-inter-level travel turns spent in this place.
 E = Turns spent auto-exploring this place as a percentage of non-inter-level travel turns spent in this place.
 F = Non-inter-level travel turns spent in this place divided by the number of levels of this place that you've seen.
                   A       B       C       D       E      F
               +-------+-------+-------+-------+-------+----------------------
         Total | 100.0 | 100.0 |   2.5 |  51.0 |  28.8 | 772.6
       Dungeon |  98.8 |  99.4 |   2.0 |  51.3 |  28.5 | 959.5
        Temple |   1.2 |   0.6 |  49.0 |   0.0 |  76.0 |  25.0
               +-------+-------+-------+-------+-------+----------------------

Table legend:
 A = Kills in this place as a percentage of kills in entire the game.
 B = Kills by you in this place as a percentage of kills by you in the entire game.
 C = Kills by friends in this place as a percentage of kills by friends in the entire game.
 D = Other kills in this place as a percentage of other kills in the entire game.
 E = Experience gained in this place as a percentage of experience gained in the entire game.
 F = Experience gained in this place divided by the number of levels of this place that you have seen.
                   A       B       C       D       E      F
               +-------+-------+-------+-------+-------+----------------------
         Total | 100.0 | 100.0 |   N/A |   N/A | 100.0 |  86.6
       Dungeon | 100.0 | 100.0 |   N/A |   N/A | 100.0 | 108.2
               +-------+-------+-------+-------+-------+----------------------
